 Dungeon Crawl Stone Soup version 0.17-a0-1508-ge7f3dc3 (webtiles) character file.

3942 patman the Brawler (level 10, 0/73 HPs)
             Began as a Ghoul Warper on July 10, 2015.
             Was a Priest of Ru.
             Slain by an orc knight
             ... wielding a +0 trident
              (1 damage)
             ... in a bailey.
             The game lasted 00:26:11 (7492 turns).

patman the Brawler (Ghoul Warper)                   Turns: 7492, Time: 00:26:12

Health: 0/73       AC: 13    Str: 16    XL:     10   Next: 21%
Magic:  0/11       EV:  4    Int:  7    God:    Ru [***...]
Gold:   457        SH:  0    Dex: 10    Spells: 1 memorised, 11 levels left

rFire  . . .     SeeInvis +       - Unarmed
rCold  + . .     Clarity  .     l - +0 plate armour
rNeg   + + +     SustAt   .     (no shield)
rPois  ∞         Gourm    .     (no helmet)
rElec  .         Spirit   +     h - +1 ratskin cloak {rPois rN+ Int-1 Dex-1}
rCorr  .         Warding  .     (no gloves)
rMut   .         Stasis   .     I - +0 pair of boots
MR     .....                    y - amulet of guardian spirit
Stlth  ..........               J - ring of see invisible
                                p - ring of stealth

@: rotting, not resistant to hostile enchantments, extremely unstealthy
A: rotting body, claws 1, carnivore 3, cold resistance 1, negative energy
resistance 3, slow healing 1, torment resistance, unbreathing, inability to use
devices
a: Draw Out Power, Renounce Religion


You were in a bailey.
You worshipped Ru.
Ru was most pleased with you.
You were not hungry.

You visited 2 branches of the dungeon, and saw 9 of its levels.
You also visited: Bailey.

You collected 515 gold pieces.
You spent 58 gold pieces at shops.

Inventory:

Missiles
 d - 5 tomahawks of dispersal
 e - 2 tomahawks (quivered)
 r - 16 stones
Armour
 h - the +1 ratskin cloak (worn) {rPois rN+ Int-1 Dex-1}
   (You found it on level 6 of the Dungeon)

   It affects your intelligence (-1).
   It affects your dexterity (-1).
   It protects you from poison.
   It protects you from negative energy.
 l - a +0 plate armour (worn)
 I - a +0 pair of boots (worn)
Jewellery
 p - a ring of stealth (left claw)
 y - an amulet of guardian spirit (around neck)
 J - a ring of see invisible (right claw)
Scrolls
 a - 2 scrolls of immolation
 c - a scroll of vulnerability {unknown}
 f - 2 scrolls of fear {unknown}
 g - a scroll of fog {unknown}
 i - a scroll of teleportation
 j - 4 scrolls of remove curse
 u - a scroll of random uselessness {unknown}
 v - 4 scrolls of enchant armour
 w - a scroll of silence {unknown}
 K - a scroll of enchant weapon {unknown}
Potions
 k - 4 potions of curing
 n - 2 potions of flight
 o - a potion of beneficial mutation {unknown}
 s - a potion of cancellation
 t - 2 potions of poison
 x - a potion of brilliance {unknown}
 B - 2 potions of might
 H - a potion of invisibility {unknown}
 L - a potion of mutation {unknown}
Books
 b - a book of Spatial Translocations

   Spells                             Type                      Level
   a - Apportation                    Translocation                1
   b - Blink                          Translocation                2
   c - Shroud of Golubria             Charms/Translocation         2
   d - Portal Projectile              Translocation                3
   e - Teleport Other                 Translocation                3
   f - Passage of Golubria            Translocation                4
 D - a book of the Dragon

   Spells                             Type                      Level
   a - Flame Tongue                   Conjuration/Fire             1
   b - Cause Fear                     Hexes                        4
   c - Bolt of Fire                   Conjuration/Fire             6
   d - Dragon Form                    Transmutation                7
   e - Dragon's Call                  Summoning                    9
Comestibles
 q - 2 beef jerkies
 A - 2 meat rations


   Skills:
 - Level 2.1 Fighting
 - Level 0.8 Throwing
 - Level 0.8 Armour
 - Level 1.7 Dodging
 + Level 15.0 Unarmed Combat
 - Level 1.7 Spellcasting
 - Level 2.6 Translocations


You had 11 spell levels left.
You knew the following spells:

 Your Spells              Type           Power        Failure   Level  Hunger
a - Apportation           Tloc           #.........   100%        1    ##.....


Dungeon Overview and Level Annotations

Branches:
Dungeon (8/15)             Temple (1/1) D:6
   Lair: D:8-11

Altars:
Ashenzari
Cheibriados
Elyvilon
Fedhas
Gozag
Kikubaaqudgha
Makhleb
Nemelex Xobeh
Qazlal
Ru
Sif Muna
Trog
Vehumet
Xom
Yredelemnul
Zin
The Shining One

Shops:
D:4 *   D:6 [

Annotations:
D:4 Pikel
D:6 Dowan


Innate Abilities, Weirdness & Mutations

Your body is rotting away.
You thrive on raw meat.
You are immune to poison.
You have sharp fingernails.
You are carnivorous and can eat meat at any time.
Your flesh is cold resistant.
You are immune to negative energy.
You heal slowly when monsters are visible.
You are immune to unholy pain and torment.
You can survive without breathing.
You cannot study or use magical devices.


Message History

What do you say? t - Shout!
Orders for allies: a - Attack new target. r - Retreat! s - Stop attacking. w - Wait here. f - Follow me.
Anything else - Stay silent.
You shout for attention!
The orc knight shouts!
The orc knight roars a battlecry!
The orc knight hits you from afar with a trident!
The orc knight suddenly cheers.
The orc knight hits you with a trident!
The orc knight hits you with a trident!!
* * * LOW HITPOINT WARNING * * *
The orc knight begins to attack, but is stunned by your will!
The orc knight hits you with a trident!
* * * LOW HITPOINT WARNING * * *
All of the chunks of flesh in your inventory have rotted away.
There is an open gate here.
The orc knight hits you from afar with a trident.
You die...

###### ####### #######
......###.....#########.....##
.......'.......#.....#.......####
.......'.......'.....'......)#...
.......'....o.o'.....'.......))..
.......'....o.o'@....'......)#)..
.......'.......#.....#.......####
......###.....#########.....##
###### ####### #######


You could see 4 orc knights.

Vanquished Creatures
  2 orc knights (Bailey)
  Joseph (D:7)
  Grinder (D:5)
  Sigmund (D:4)
  Menkaure (D:7)
  Edmund (D:4)
  Duvessa (D:6)
  3 orc warriors (Bailey)
  A sky beast (D:5)
  A phantom (D:6)
  A slave (D:5)
  3 ogres
  An ice beast (D:7)
  A big kobold (D:8)
  A giant frog (D:7)
  2 scorpions
  3 wights (D:7)
  2 crimson imps
  A quasit (D:6)
  2 orc priests
  7 orc wizards
  A hound (D:5)
  A centaur skeleton (D:7)
  An iguana (D:6)
  4 worker ants
  A sheep (D:8)
  3 worker ant zombies
  5 adders
  A shadow imp (D:7)
  An adder zombie (D:5)
  3 worms
  A giant gecko (D:6)
  39 orcs
  A ball python (D:3)
  12 bats
  2 bat skeletons
  5 giant cockroaches
  15 goblins
  12 hobgoblins
  14 jackals
  6 giant newts
  11 kobolds
  3 quokkas
  16 rats
195 creatures vanquished.

Notes
Turn   | Place    | Note
--------------------------------------------------------------
     0 | D:1      | patman the Ghoul Warper began the quest for the Orb.
     0 | D:1      | Reached XP level 1. HP: 17/17 MP: 2/2
   246 | D:1      | Reached XP level 2. HP: 15/24 MP: 3/3
   250 | D:1      | Reached skill level 3 in Unarmed Combat
  1078 | D:2      | Reached XP level 3. HP: 14/28 MP: 4/4
  1088 | D:2      | Reached skill level 4 in Unarmed Combat
  1685 | D:2      | Reached XP level 4. HP: 31/35 MP: 5/5
  2267 | D:4      | Noticed Sigmund
  2298 | D:4      | Killed Sigmund
  2298 | D:4      | Reached skill level 6 in Unarmed Combat
  2298 | D:4      | Reached XP level 5. HP: 17/41 MP: 6/6
  2298 | D:4      | Reached XP level 6. HP: 19/48 MP: 7/7
  2317 | D:4      | Found Zin's Purification Station.
  2321 | D:4      | Found a glowing silver altar of Zin.
  2389 | D:4      | Reached skill level 7 in Unarmed Combat
  2640 | D:4      | Noticed Edmund
  2710 | D:5      | Entered Level 5 of the Dungeon
  2710 | D:5      | Noticed Grinder
  2717 | D:4      | HP: 2/48 [jackal (1)]
  2733 | D:4      | Killed Edmund
  2733 | D:4      | Reached skill level 8 in Unarmed Combat
  2733 | D:4      | Reached XP level 7. HP: 24/55 MP: 8/8
  2876 | D:5      | Killed Grinder
  2876 | D:5      | Reached skill level 9 in Unarmed Combat
  3025 | D:4      | Noticed Pikel
  3025 | D:4      | Noticed a slave
  3025 | D:4      | Noticed a slave
  3025 | D:4      | Noticed a slave
  3025 | D:4      | Noticed a slave
  3380 | D:5      | Killed a slave
  3537 | D:5      | Reached XP level 8. HP: 37/61 MP: 9/9
  3657 | D:5      | Reached skill level 10 in Unarmed Combat
  4452 | D:6      | Noticed Duvessa
  4463 | D:6      | Found a staircase to the Ecumenical Temple.
  4476 | D:6      | Noticed Dowan
  4483 | D:6      | Found Cuedica's Armour Shoppe.
  4487 | D:6      | Bought a +0 pair of boots for 58 gold pieces
  4519 | Temple   | Entered the Ecumenical Temple
  4543 | Temple   | Became a worshipper of Ru the Awakened
  4631 | D:6      | Killed Duvessa
  4719 | D:6      | Reached skill level 11 in Unarmed Combat
  4922 | D:6      | Found a snail-covered altar of Cheibriados.
  5520 | D:6      | Reached skill level 12 in Unarmed Combat
  5523 | D:6      | Reached XP level 9. HP: 47/66 MP: 10/10
  5664 | D:7      | Gained mutation: You cannot study or use magical devices. [Ru sacrifice]
  5664 | D:7      | Acquired Ru's first power
  5664 | D:7      | Acquired Ru's second power
  5664 | D:7      | Acquired Ru's third power
  5690 | D:7      | Noticed Menkaure
  5698 | D:7      | Killed Menkaure
  5993 | D:7      | Noticed Joseph
  6032 | D:7      | Killed Joseph
  6032 | D:7      | Reached skill level 13 in Unarmed Combat
  6716 | D:8      | Found a flagged portal.
  6774 | Bailey   | Entered a bailey
  7047 | Bailey   | Reached skill level 14 in Unarmed Combat
  7103 | Bailey   | Noticed an orc knight
  7212 | Bailey   | Killed an orc knight
  7212 | Bailey   | Reached XP level 10. HP: 13/73 MP: 1/11
  7344 | Bailey   | Noticed an orc knight
  7368 | Bailey   | Killed an orc knight
  7368 | Bailey   | Reached skill level 15 in Unarmed Combat
  7410 | Bailey   | Noticed an orc knight
  7410 | Bailey   | Noticed an orc knight
  7414 | Bailey   | Noticed an orc knight
  7486 | Bailey   | Noticed an orc knight
  7491 | Bailey   | HP: 1/73 [orc knight/trident (8)]
  7492 | Bailey   | Slain by an orc knight

Vault maps used:
D:1:      lightli_arrival_flooded_house
D:2:      minmay_misc_feat_ornament
D:3:      first_bread
D:4:      zin_purify, uniq_sigmund, uniq_edmund, uniq_pikel
D:5:      uniq_grinder
D:6:      nicolae_overflow_hidden_temple, minmay_temple_entry_large_hall,
          serial_shops, shop, uniq_duvessa
D:7:      uniq_menkaure, uniq_joseph
D:8:      enter_bailey_3, hangedman_ranch, kennysheep_opposing_triangles
Temple:   lightli_temple_of_artemis
Bailey:   bailey_polearm_5, bailey

Action                   |  1- 3 |  4- 6 |  7- 9 | 10-12 || total
-------------------------+-------+-------+-------+-------++-------
Melee: Unarmed           |   170 |   105 |   406 |    15 ||   696
Throw: Tomahawk          |       |       |     3 |       ||     3
Invok: Sacrifice Artific |       |       |     1 |       ||     1
Evoke: Wand              |       |       |    10 |       ||    10
  Use: Scroll            |     1 |     3 |     7 |     3 ||    14
       Potion            |       |     5 |     6 |     2 ||    13
 Stab: Sleeping          |       |     2 |     2 |       ||     4
       Invisible         |       |       |     2 |       ||     2
       Distracted        |       |       |     1 |       ||     1
  Eat: Chunk             |    12 |    13 |    55 |     7 ||    87
       Meat ration       |       |     1 |       |       ||     1
